 Dungeon Crawl Stone Soup version 0.20.1-1-g8b1a95d66d (webtiles) character file.

630 Jynx the Slasher (level 7, -2/56 HPs)
             Began as a Demonspawn Berserker on Dec 22, 2017.
             Was a Priest of Trog.
             Killed from afar by an electric eel (11 damage)
             ... with a bolt of electricity
             ... on level 5 of the Dungeon.
             The game lasted 00:07:37 (4419 turns).

Jynx the Slasher (Demonspawn Berserker)             Turns: 4419, Time: 00:07:37

Health: -2/56      AC:  4    Str: 18    XL:     7   Next: 24%
Magic:  0/7        EV: 14    Int:  8    God:    Trog [***...]
Gold:   214        SH:  0    Dex: 14    Spells: 6/6 levels left

rFire    . . .     SeeInvis .   a - +0 falchion
rCold    . . .     Gourm    .   (no shield)
rNeg     . . .     Faith    .   b - +0 animal skin
rPois    .         Spirit   +   n - +0 helmet
rElec    .         Reflect  .   (no cloak)
rCorr    .         Harm     .   (no gloves)
MR       .....                  (no boots)
Stlth    +.........             (no amulet)
Regen    0.2/turn               (no ring)
MPRegen  0.2/turn               (no ring)

@: no status effects
A: rugged brown scales 1, powered by pain 1, magic shield, magic regeneration
a: Berserk, Trog's Hand, Burn Spellbooks, Renounce Religion


You were on level 5 of the Dungeon.
You worshipped Trog.
Trog was most pleased with you.
You were not hungry.

You visited 1 branch of the dungeon, and saw 5 of its levels.
You also visited: Ossuary.

You collected 214 gold pieces.

Inventory:

Hand Weapons
 a - a +0 falchion (weapon)
Armour
 b - a +0 animal skin (worn)
 n - a +0 helmet (worn)
Jewellery
 e - an uncursed ring of ice {unknown}
 p - an uncursed amulet of rage {unknown}
 x - a +1 ring of evasion {unknown}
Wands
 l - a wand of confusion (11/48)
 r - a wand of enslavement (2/24)
 w - a wand of digging (8/24)
 y - a wand of flame (11/48)
Scrolls
 f - a scroll of fear
 m - a scroll of teleportation
 v - a scroll of fog
Potions
 h - 6 potions of curing {unknown}
 i - a potion of haste {unknown}
 j - a potion of flight {unknown}
 k - 4 potions of degeneration {unknown}
 o - 4 potions of resistance {unknown}
 q - a potion of lignification {unknown}
 s - a potion of berserk rage {unknown}
 t - 2 potions of ambrosia {unknown}
 u - a potion of heal wounds {unknown}
Comestibles
 c - 3 bread rations
 d - 2 royal jellies
 g - 4 fruits


   Skills:
 + Level 4.5 Fighting
 * Level 5.1 Long Blades
 + Level 3.6 Armour
 + Level 3.7 Dodging


You had 6 spell levels left.
You didn't know any spells.

Dungeon Overview and Level Annotations

Branches:
Dungeon (5/15)             Temple (0/1) D:4

Altars:
Dithmenos
Fedhas
Ru
Yredelemnul

Shops:
D:4 (

Annotations:
D:5 1 transporter


Innate Abilities, Weirdness & Mutations

You are partially covered in rugged brown scales. (AC +1, +3% HP)
You sometimes gain a little power by taking damage.
When hurt, damage is shared between your health and your magic reserves.
You regenerate magic rapidly.


Message History

You focus on the pain.
You feel your power returning.
The bolt of electricity hits the plant.
There is an open door here.
The electric eel shoots out a bolt of lightning at you!
The bolt of electricity hits you!
The bolt of electricity hits the electric eel.
The electric eel completely resists.
The bolt of electricity hits the electric eel.
The electric eel completely resists.
The bolt of electricity hits you!
* * * LOW HITPOINT WARNING * * *
The electric eel shoots out a bolt of lightning at you!
The bolt of electricity hits you!
* * * LOW HITPOINT WARNING * * *
The bolt of electricity hits the electric eel.
The electric eel completely resists.
The bolt of electricity hits the electric eel.
The electric eel completely resists.
The electric eel shoots out a bolt of lightning at you!
The bolt of electricity hits you!
You die...

#.###+###.##...##
#.#≈...≈#.##...####.
#.#≈...≈#...........
#.#≈...≈#...........
#.#≈.⌠.≈#...........
#.#≈...≈#...........
#.#;...;#.##........
#.#;...;#.##........
#.###@###.#.........
#.#P...P#(.......##.
#.#8...8#..#######
#.#######..#
#....©.....#
####.......#
##...#### #####


You could see 2 electric eels and 2 friendly electric eels.

Vanquished Creatures
  A human (D:3)
  A water moccasin zombie (Ossuary)
  A water moccasin skeleton (D:4)
  2 hounds (D:4)
  Jessica (D:2)
  2 worker ants (D:4)
  3 big kobold zombies (Ossuary)
  2 mummies (Ossuary)
  5 adders
  An adder skeleton (D:4)
  5 adder zombies (Ossuary)
  2 worms
  4 dart slugs
  5 leopard geckos
  6 orcs (D:3)
  2 ball pythons
  A giant cockroach (D:3)
  4 gnoll zombies (Ossuary)
  5 goblins
  3 hobgoblins
  13 jackals
  6 kobolds
  4 quokkas
  3 frilled lizards
  A goblin skeleton (D:3)
  3 hobgoblin zombies (Ossuary)
  4 kobold zombies (Ossuary)
  9 rats
99 creatures vanquished.

Notes
Turn   | Place    | Note
-------+----------+-------------------------------------------
     0 | D:1      | Jynx the Demonspawn Berserker began the quest for the Orb.
     0 | D:1      | Reached XP level 1. HP: 18/18 MP: 1/1
   247 | D:1      | Gained mutation: You are partially covered in rugged brown scales. (AC +1, +3% HP) [demonic ancestry]
   247 | D:1      | Reached XP level 2. HP: 18/24 MP: 2/2
   284 | D:1      | Reached skill level 3 in Long Blades
   797 | D:2      | Noticed Jessica
   801 | D:2      | Killed Jessica
   801 | D:2      | Gained mutation: You sometimes gain a little power by taking damage. [demonic ancestry]
   801 | D:2      | Reached XP level 3. HP: 29/29 MP: 3/3
   859 | D:2      | Gained mutation: When hurt, damage is shared between your health and your magic reserves. [demonic ancestry]
   859 | D:2      | Reached XP level 4. HP: 36/36 MP: 4/4
  1102 | D:2      | Reached ** piety under Trog
  1241 | D:2      | Found a faded altar of an unknown god.
  1383 | D:3      | Found a runed door.
  1383 | D:3      | Noticed a human
  1387 | D:3      | Found a basalt altar of Yredelemnul.
  1400 | D:3      | Killed a human
  1400 | D:3      | Reached skill level 4 in Long Blades
  1400 | D:3      | Gained mutation: You regenerate magic rapidly. [demonic ancestry]
  1400 | D:3      | Reached XP level 5. HP: 43/43 MP: 5/5
  1422 | D:3      | Found a shadowy altar of Dithmenos.
  1425 | D:3      | Found a blossoming altar of Fedhas.
  1427 | D:3      | Found a sacrificial altar of Ru.
  1643 | D:3      | Reached XP level 6. HP: 37/49 MP: 3/6
  2380 | D:4      | Found a sand-covered staircase.
  2386 | Ossuary  | Entered an ossuary
  3010 | Ossuary  | Reached *** piety under Trog
  3398 | D:4      | Found Piky's Weapon Boutique.
  3522 | D:4      | Reached XP level 7. HP: 43/56 MP: 5/7
  3540 | D:4      | Found a staircase to the Ecumenical Temple.
  3724 | D:4      | Reached skill level 5 in Long Blades
  4306 | D:5      | Entered Level 5 of the Dungeon
  4326 | D:5      | Found a transporter.
  4349 | D:5      | Found a transporter.
  4419 | D:5      | Killed from afar by an electric eel

Skill      XL: |  1  2  3  4  5  6  7 |
---------------+----------------------+-----
Dodging        | 2 3 |  3.7
Long Blades    | 3 4 5 |  5.1
Armour         | 2 3 |  3.6
Fighting       | 4 |  4.5

Action                   |  1- 3 |  4- 6 |  7- 9 || total
-------------------------+-------+-------+-------++-------
Melee: Falchion          |    58 |   271 |    35 ||   364
Invok: Berserk           |     2 |     4 |     2 ||     8
Evoke: Wand              |       |       |     5 ||     5
  Use: Scroll            |       |     4 |     1 ||     5
 Stab: Sleeping          |     1 |       |       ||     1
  Eat: Chunk             |     1 |     9 |     4 ||    14
       Bread ration      |       |     1 |       ||     1
Armor: Animal skin       |     8 |    56 |    10 ||    74
Dodge: Dodged            |    41 |   203 |    39 ||   283
       Rpst.: Falchion   |    11 |    69 |    12 ||    92
